 Dungeon Crawl Stone Soup version 0.30-a0-772-g5528072125 (webtiles) character file.

Game seed: 12337502819597305861

81 pokeman the Magician (level 4, -2/25 HPs)
             Began as a Deep Elf Hedge Wizard on Feb 12, 2023.
             Slain by a gnoll
             ... wielding a +0 spear
              (4 damage)
             ... on level 2 of the Dungeon.
             The game lasted 00:03:14 (2368 turns).

pokeman the Magician (Deep Elf Hedge Wizard)        Turns: 2368, Time: 00:03:15

Health: -2/25      AC:  2    Str:  7    XL:     4   Next: 20%
Magic:  2/13       EV: 12    Int: 21    God:
Gold:   87         SH:  0    Dex: 14    Spells: 6/14 levels left

rFire   . . .      SeeInvis .    o - +3 hand axe (elec)
rCold   . . .      Faith    .    (no shield)
rNeg    . . .      Spirit   .    b - +0 robe
rPois   .          Reflect  .    c - +0 hat
rElec   .          Harm     .    (no cloak)
rCorr   +          Rampage  .    (no gloves)
Will    .....                    (no boots)
Stlth   ++                       (no amulet)
HPRegen 0.24/turn                m - ring of resist corrosion
MPRegen 0.13/turn                (no ring)

@: no status effects
A: no striking features
a: no special abilities


You were on level 2 of the Dungeon.
You visited 1 branch of the dungeon, and saw 2 of its levels.

You collected 87 gold pieces.

Inventory:

Hand Weapons
 o - a +3 hand axe of electrocution (weapon)
Armour
 b - a +0 robe (worn)
 c - a +0 hat (worn)
Jewellery
 m - a ring of resist corrosion (left hand)
Scrolls
 g - a scroll of enchant weapon {unknown}
 h - 2 scrolls of teleportation {unknown}
 i - 2 scrolls of identify {unknown}
 k - a scroll of silence {unknown}
 l - a scroll of blinking {unknown}
Potions
 a - a potion of lignification {unknown}
 d - a potion of magic
 e - 3 potions of curing {unknown}
 f - a potion of haste {unknown}
 j - a potion of resistance {unknown}
 n - a potion of mutation {unknown}


   Skills:
 - Level 1.0 Fighting
 - Level 1.0 Armour
 + Level 2.5 Dodging
 + Level 2.6 Stealth
 * Level 5.6 Spellcasting
 + Level 2.1 Conjurations
 - Level 1.1 Summonings
 - Level 1.1 Translocations


You had 6 spell levels left.
You knew the following spells:

 Your Spells              Type           Power      Damage    Failure   Level
a - Magic Dart            Conj           56%        1d5       4%          1
b - Mephitic Cloud        Conj/Pois/Air  8%         N/A       22%         3
c - Call Imp              Summ           10%        N/A       10%         2
d - Blink                 Tloc           20%        N/A       10%         2

Your spell library contained the following spells:

 Spells                   Type           Power      Damage    Failure   Level
 Slow                     Hex            20%        N/A       11%         1
 Cigotuvi's Dreadful Rot  Necr/Pois/Air  10%        N/A       16%         2
 Yara's Violent Unravell  Hex/Tmut       2%         3d3       96%         5
 Enfeeble                 Hex            2%         N/A       100%        7


Dungeon Overview and Level Annotations

Branches:
Dungeon (2/15)

Altars:
Kikubaaqudgha


Message History

The ball explodes into a vile cloud!
The stinking cloud engulfs the quokka but does no damage.
The quokka is moderately wounded.
The stinking cloud engulfs the gnoll but does no damage.
The stinking cloud engulfs you but does no damage.
You are engulfed in noxious fumes.
You choke on the stench!
You are confused.
The quokka is engulfed in noxious fumes.
The quokka appears confused.
The gnoll barely misses the gnoll.
The gnoll hits itself with a +0 flail.
You feel less confused.
The quokka is engulfed in noxious fumes.
The quokka appears confused.
The gnoll hits the quokka with a +0 flail!
The quokka is killed!
Casting: Mephitic Cloud (extremely dangerous; 24% risk of failure)
Confirm with . or Enter, or press ? or * to list all spells.
The spell is extremely dangerous to miscast (24% risk of failure)!
Continue anyway?
Aiming: Mephitic Cloud (extremely dangerous; 24% risk of failure)
Press: ? - help, Shift-Dir - straight line, f - gnoll, p - gnoll
Aim: a gnoll, wielding a +0 spear (chance to affect: 91%)
The ball explodes into a vile cloud!
The stinking cloud engulfs the gnoll but does no damage. x2
The gnoll is moderately wounded.
The gnoll is engulfed in noxious fumes.
The gnoll appears confused.
The gnoll is engulfed in noxious fumes.
The gnoll appears confused.
The gnoll hits the gnoll with a +0 spear.
The gnoll is engulfed in noxious fumes.
The gnoll appears confused.
The gnoll is engulfed in noxious fumes.
The gnoll appears confused.
You hit the gnoll.
The gnoll is moderately wounded.
The gnoll is engulfed in noxious fumes.
The gnoll appears confused.
The gnoll hits you with a +0 spear!
* * * LOW HITPOINT WARNING * * *
You feel a bit more experienced.
Your magical contamination has completely faded away.
You hit the gnoll.
The gnoll is severely wounded.
The gnoll hits you with a +0 spear.
You die...

##########
####........#
##.♣~~...~##.#
#...~~♣.~..#.#
#≈.♣.~.~####.#
#.♣...≈.≈..#.#
######♣~.#~.~....
###...~♣~≈~~~≈.~...
#.@.###~♣~.~.##....
#g### ##~..♣~♣.....
..'.g°.g#
##.~.~~.~...
###....##
~~.~.~..... #....#
###.####'## #....#
....... #..!.#
##### ##... ...#
#####


You could see 2 gnolls.

Vanquished Creatures
  A gnoll (D:2)
  An adder (D:2)
  A dart slug (D:2)
  2 endoplasms
  3 giant cockroaches (D:2)
  5 goblins
  3 hobgoblins
  5 kobolds
  2 quokkas
  2 ball pythons
  4 bats
  2 frilled lizards (D:1)
  3 rats
34 creatures vanquished.

Vanquished Creatures (collateral kills)
  Terence (D:2)
  An endoplasm (D:2)
2 creatures vanquished.

Grand Total: 36 creatures vanquished

Notes
Turn   | Place    | Note
-------+----------+-------------------------------------------
     0 | D:1      | pokeman the Deep Elf Hedge Wizard began the quest for the
                  | Orb.
     0 | D:1      | Reached XP level 1. HP: 10/10 MP: 7/7
   558 | D:1      | Reached XP level 2. HP: 16/16 MP: 6/9
  1456 | D:2      | Reached skill level 5 in Spellcasting
  1826 | D:2      | Reached XP level 3. HP: 20/20 MP: 6/11
  1830 | D:2      | Learned a level 3 spell: Mephitic Cloud
  1833 | D:2      | Learned a level 2 spell: Call Imp
  1836 | D:2      | Learned a level 2 spell: Blink
  1931 | D:2      | Found an ancient bone altar of Kikubaaqudgha.
  2076 | D:2      | Noticed Terence
  2117 | D:2      | Killed Terence
  2118 | D:2      | Reached skill level 1 in Fighting
  2118 | D:2      | Reached skill level 1 in Armour
  2246 | D:2      | Reached XP level 4. HP: 16/25 MP: 3/13
  2367 | D:2      | HP: 1/25 [gnoll/+0 spear (8)]
  2368 | D:2      | Slain by a gnoll

Illustrated notes

Levels and vault maps discovered:
D:1:      evilmike_arrival_plus, layout_basic, minmay_cut_off
D:2:      layout_basic, serial_rivers, chequers_serial_rivers_large_a,
          chequers_serial_rivers_marsh, chequers_serial_rivers_small_a,
          chequers_serial_rivers_marsh, chequers_serial_rivers_small_3,
          basic_altar, uniq_terence

Skill      XL: |  1  2  3 |
---------------+----------+-----
Spellcasting   | 5 |  5.6
Fighting       | 1 |  1.0
Armour         | 1 |  1.0
Conjurations   | 2 |  2.1
Dodging        | |  2.5
Stealth        | |  2.6
Summonings     | |  1.1
Translocations | |  1.1

Action                     |  1- 3 |  4- 6 || total
---------------------------+-------+-------++-------
  Melee: Dagger            |     2 |       ||     2
         Hand axe          |     4 |     6 ||    10
   Cast: Magic Dart        |    92 |       ||    92
         Call Imp          |     3 |       ||     3
         Mephitic Cloud    |     1 |     3 ||     4
   Stab: Sleeping          |     1 |       ||     1
         Confused          |       |     1 ||     1
 Armour: Robe              |     6 |       ||     6
  Dodge: Dodged            |    13 |     4 ||    17

Table legend: (Time is in decaauts)
 A = Elapsed time spent in this place.
 B = Non-inter-level travel time spent in this place.
 C = Inter-level travel time spent in this place.
 D = Time resting spent in this place.
 E = Time spent auto-exploring this place.
 F = Levels seen in this place.
 G = Mean time per level.
                   A        B        C        D        E       F      G
               +--------+--------+--------+--------+--------+-----+--------+
         Total |   2382 |   2231 |    151 |      0 |   1901 |   2 | 1191.0 |
       Dungeon |   2382 |   2231 |    151 |      0 |   1901 |   2 | 1191.0 |
               +--------+--------+--------+--------+--------+-----+--------+

Top non-repeatable levels by time:
     D:1: 1223 daAuts
     D:2: 1159 daAuts
